 Dungeon Crawl Stone Soup version 0.27.1 (webtiles) character file.

Game seed: 18221381460004564535

11 imbaldmole the Skirmisher (level 2, -1/27 HPs)
             Began as a Hill Orc Fighter on Aug 29, 2021.
             Slain by Terence (7 damage)
             ... on level 1 of the Dungeon.
             The game lasted 00:10:12 (1484 turns).

imbaldmole the Skirmisher (Hill Orc Fighter)        Turns: 1484, Time: 00:10:13

Health: -1/27      AC: 10    Str: 18    XL:     2   Next: 29%
Magic:  2/2        EV:  5    Int:  8    God:
Gold:   45         SH:  9    Dex: 10    Spells: 1/1 levels left

rFire    . . .     SeeInvis .   a - +0 war axe
rCold    . . .     Faith    .   c - +0 kite shield
rNeg     . . .     Spirit   .   g - +0 chain mail
rPois    .         Reflect  .   (no helmet)
rElec    .         Harm     .   i - +0 cloak
rCorr    .         Rampage  .   (no gloves)
Will     .....                  (no boots)
Stlth    ..........             (no amulet)
HPRegen  0.09/turn              (no ring)
MPRegen  0.08/turn              (no ring)

@: no status effects
A: no striking features
a: no special abilities


You were on level 1 of the Dungeon.
You visited 1 branch of the dungeon, and saw 2 of its levels.

You collected 45 gold pieces.

Inventory:

Hand Weapons
 a - a +0 war axe (weapon)
 h - a +0 trident
 l - a +0 dagger
 o - a +0 whip
Missiles
 f - 15 sling bullets
 j - 37 stones (quivered)
Armour
 b - a +0 scale mail
 c - a +0 kite shield (worn)
 g - a +0 chain mail (worn)
 i - a +0 cloak (worn)
 n - a +0 ring mail
Scrolls
 m - a scroll of enchant armour {unknown}
Potions
 d - a potion of might
 e - a potion of brilliance {unknown}
 k - 2 potions of curing {unknown}


   Skills:
 + Level 3.8 Fighting
 + Level 2.9 Axes
 + Level 3.5 Armour
 + Level 3.5 Shields


You had one spell level left.
You didn't know any spells.
Your spell library contained the following spells:

 Spells                   Type           Power      Damage    Failure   Level
 Sublimation of Blood     Necr           0%         N/A       100%        2
 Wereblood                Tmut           0%         N/A       100%        2
 Ozocubu's Armour         Ice            0%         N/A       100%        3
 Metabolic Englaciation   Hex/Ice        0%         N/A       100%        5
 Simulacrum               Ice/Necr       0%         N/A       100%        6
 Summon Hydra             Summ           0%         N/A       100%        7


Dungeon Overview and Level Annotations

Branches:
Dungeon (2/15)

Altars:

Annotations:
D:1 Terence


Message History

You slash Terence!
Terence is moderately wounded.
Terence hits you but does no damage. You block Terence's attack.
You closely miss Terence.
Terence is moderately wounded.
You block Terence's attack.
You barely miss Terence.
Terence is moderately wounded.
You block Terence's attack. Terence hits you with a +0 mace.
You hit Terence.
Terence is heavily wounded.
Terence says, "How do you enjoy it?" Terence hits you with a +0 mace.
Your shield and chain mail prevent you from hitting Terence.
Terence is heavily wounded.
Terence completely misses you. Terence hits you with a +0 mace.
You hit Terence but do no damage.
Terence is heavily wounded.
Terence hits you but does no damage. Terence hits you with a +0 mace.
You hit Terence.
Terence is severely wounded.
Terence hits you with a +0 mace.
* * * LOW HITPOINT WARNING * * *
You hit Terence but do no damage.
Terence is severely wounded.
Terence hits you with a +0 mace.
* * * LOW HITPOINT WARNING * * *
Terence hits you with a +0 mace.
* * * LOW HITPOINT WARNING * * *
You block Terence's attack. Terence hits you with a +0 mace.
* * * LOW HITPOINT WARNING * * *
Terence screams, "I want your blood!"
Terence says, "Rest in peace."
There is an open door here.
Terence says, "You're history."
You hit Terence but do no damage.
Terence is severely wounded.
Terence hits you with a +0 mace!
You die...

#.##.#### ♣♣♣♣♣............# #..
#.##.#### ##.###............# ###
#.......###.................#####
#.........'......................
##......###..........###.........
##..................# #.........
#..................# #..#......
#.............@....# #..#......
#.............@....# #.........
#.........#.######## #.........
####.#####..# #....###.# #.# #.##
###..# #.# #.# #..# #..# #.# #.#
##.# ##.# #.# #.## ##.# ##.###.#
#..# #..# #...##.. #♣.♣#♣#.##
#...####


You could see Terence.

Vanquished Creatures
  An endoplasm (D:1)
  A goblin (D:1)
  3 jackals (D:1)
  A kobold (D:1)
  A bat (D:1)
  2 frilled lizards (D:1)
  2 rats (D:1)
  3 bushes (D:1)
14 creatures vanquished.

Vanquished Creatures (others)
  9 plants (D:1)
9 creatures vanquished.

Grand Total: 23 creatures vanquished

Notes
Turn   | Place    | Note
-------+----------+-------------------------------------------
     0 | D:1      | imbaldmole the Hill Orc Fighter began the quest for the
                  | Orb.
     0 | D:1      | Reached XP level 1. HP: 19/19 MP: 1/1
   375 | D:1      | Reached XP level 2. HP: 27/27 MP: 2/2
   425 | D:1      | Found a faded altar of an unknown god.
  1307 | D:2      | Noticed Terence
  1484 | D:1      | Slain by Terence

Illustrated notes

Levels and vault maps discovered:
D:1:      wheals_arrival_shading, layout_basic, serial_forest,
          infiniplex_forest_lined_2, infiniplex_forest_lined_room_,
          infiniplex_forest_lined_room_, infiniplex_forest_straight_4,
          infiniplex_forest_straight_4, infiniplex_forest_clump_medium,
          infiniplex_forest_lined_corner, infiniplex_forest_corner_1,
          infiniplex_forest_clump_double, hellmonk_ecumenical_altar_heavens_door
D:2:      layout_loops_ring, uniq_terence

Action                   || total
-------------------------++-------
Melee: War axe           ||   172
Armor: Scale mail        ||     5
       Chain mail        ||     9
Dodge: Dodged            ||     4
Block: Kite shield       ||    17
